 Dungeon Crawl Stone Soup version 0.28-a0-239-g68911e0c57 (webtiles) character file.

Game seed: 6471875169710652334

119 Anathary the Slasher (level 5, -2/50 HPs)
             Began as a Naga Berserker on Aug 23, 2021.
             Was a Believer of Trog.
             Slain by Terence (9 damage)
             ... on level 3 of the Dungeon.
             The game lasted 00:05:17 (3414 turns).

Anathary the Slasher (Naga Berserker)               Turns: 3414, Time: 00:05:17

Health: -2/50      AC:  3    Str: 20    XL:     5   Next: 3%
Magic:  5/5        EV:  9    Int:  7    God:    Trog [**....]
Gold:   81         SH:  3    Dex: 11    Spells: 4/4 levels left

rFire   . . .      SeeInvis +   a - +0 falchion
rCold   . . .      Faith    .   k - +0 buckler
rNeg    . . .      Spirit   .   b - +0 animal skin
rPois   +          Reflect  .   (no helmet)
rElec   .          Harm     .   g - +0 cloak
rCorr   .          Rampage  .   (no gloves)
Will    .....                   (no barding)
Stlth   +.........              (no amulet)
HPRegen 0.16/turn               (no ring)
MPRegen 0.09/turn               (no ring)

@: very slow
A: AC +1, large, see invisible, deformed body, poison resistance, slowness 2,
spit poison 1, naga tail 1
a: Spit Poison, Renounce Religion, Berserk, Trog's Hand


You were on level 3 of the Dungeon.
You worshipped Trog.
Trog was pleased with you.
You visited 1 branch of the dungeon, and saw 3 of its levels.

You collected 81 gold pieces.

Inventory:

Hand Weapons
 a - a +0 falchion (weapon)
Armour
 b - a +0 animal skin (worn)
 g - a +0 cloak (worn)
 h - a +0 chain mail
 k - a +0 buckler (worn)
Scrolls
 c - a scroll of magic mapping {unknown}
 f - a scroll of amnesia {unknown}
 i - 3 scrolls of identify {unknown}
 j - a scroll of teleportation {unknown}
Potions
 d - 2 potions of brilliance {unknown}
 e - a potion of heal wounds {unknown}


   Skills:
 + Level 3.7 Fighting
 + Level 5.0 Long Blades
 - Level 1.5 Armour
 - Level 1.5 Dodging
 + Level 0.6 Stealth


You had 4 spell levels left.
You didn't know any spells.
Your spell library was empty.

Dungeon Overview and Level Annotations

Branches:
Dungeon (3/15)

Altars:

Annotations:
D:3 Terence


Innate Abilities, Weirdness & Mutations

Your serpentine skin is tough. (AC +1)
You have supernaturally acute eyesight. (SInv)
Armour fits poorly on your strangely shaped body.
Your system is resistant to poisons. (rPois)
You cover ground very slowly.
You can spit poison.
You have a snake-like lower body.


Message History

Jessica hits you with a +0 dagger.
You slash Jessica!
You kill Jessica!
Trog accepts your kill.
Trog appreciates your killing of a magic user.
Your Long Blades skill increases to level 5!
You have reached level 5!
You start resting.
HP restored.
d - 2 fuming red potions (gained 1)
Things that are here:
a +0 dagger; a +0 robe Terence the Incautious comes into view.
He is wielding a +0 trident.
Terence shouts!
Terence barely misses you. Terence hits you with a +0 trident.
You barely miss Terence. Terence hits you with a +0 trident!
You hit Terence but do no damage. You block Terence's attack.
You hit Terence but do no damage. Terence hits you with a +0 trident!
You barely miss Terence. Terence barely misses you. Terence closely misses you.
You riposte.
You barely miss Terence. You barely miss Terence.
Terence hits you with a +0 trident.
You hit Terence but do no damage. Terence hits you with a +0 trident.
You hit Terence but do no damage. Terence hits you with a +0 trident!
You hit Terence.
Terence is moderately wounded.
Terence barely misses you.
You riposte.
You hit Terence.
Terence is moderately wounded.
You slash Terence!
Terence is severely wounded.
Terence hits you with a +0 trident.
* * * LOW HITPOINT WARNING * * *
You hit Terence but do no damage.
Terence is severely wounded.
Terence closely misses you. Terence hits you with a +0 trident!
* * * LOW HITPOINT WARNING * * *
You hit Terence.
Terence is severely wounded.
Terence hits you with a +0 trident!
You die...

#######
###.....###########
#...@@....)........
...$....#.##.########
###.#.###.##.# # #.
..##.# # ######.# ..#
#.# #.###.###
##.#.....#
#........##


You could see Terence.

Vanquished Creatures
  Jessica (D:3)
  4 adders (D:2)
  A worm (D:2)
  A dart slug (D:1)
  An orc (D:2)
  4 ball pythons
  6 endoplasms
  4 giant cockroaches
  2 goblins
  5 hobgoblins
  4 quokkas
  4 bats
  4 frilled lizards
  6 kobolds
  2 rats
49 creatures vanquished.

Notes
Turn   | Place    | Note
-------+----------+-------------------------------------------
     0 | D:1      | Anathary the Naga Berserker began the quest for the Orb.
     0 | D:1      | Reached XP level 1. HP: 21/21 MP: 1/1
   352 | D:1      | Reached XP level 2. HP: 26/28 MP: 2/2
  1377 | D:1      | Reached XP level 3. HP: 29/34 MP: 3/3
  1811 | D:2      | Reached ** piety under Trog
  1820 | D:2      | Reached skill level 4 in Long Blades
  2168 | D:2      | Reached XP level 4. HP: 20/43 MP: 4/4
  3242 | D:3      | Noticed Jessica
  3253 | D:3      | Killed Jessica
  3254 | D:3      | Reached skill level 5 in Long Blades
  3254 | D:3      | Reached XP level 5. HP: 27/50 MP: 5/5
  3400 | D:3      | Noticed Terence
  3414 | D:3      | Slain by Terence

Illustrated notes

Levels and vault maps discovered:
D:1:      wander_arrival_desolate, layout_rooms
D:2:      layout_rooms, minmay_fractal_squares_5
D:3:      minmay_bubble_buster, layout_loops_ring, basic_ecumenical_altar,
          nrook_mini_backslash, minmay_misc_feat_five, mrwooster_statue_mirror,
          uniq_terence, uniq_jessica

Skill      XL: |  1  2  3  4 |
---------------+-------------+-----
Long Blades    | 4 5 |  5.0
Fighting       | |  3.7
Armour         | |  1.5
Dodging        | |  1.5
Stealth        | |  0.6

Action                   |  1- 3 |  4- 6 || total
-------------------------+-------+-------++-------
Melee: Falchion          |   127 |    64 ||   191
Armor: Animal skin       |    25 |     7 ||    32
       Chain mail        |    45 |    32 ||    77
Dodge: Dodged            |    86 |    33 ||   119
Block: Buckler           |       |     2 ||     2
       Rpst.: Falchion   |    28 |    11 ||    39

Table legend: (Time is in decaauts)
 A = Elapsed time spent in this place.
 B = Non-inter-level travel time spent in this place.
 C = Inter-level travel time spent in this place.
 D = Time resting spent in this place.
 E = Time spent auto-exploring this place.
 F = Levels seen in this place.
 G = Mean time per level.
                   A        B        C        D        E       F      G
               +--------+--------+--------+--------+--------+-----+--------+
         Total |   3835 |   3779 |     56 |   1658 |   1436 |   3 | 1278.3 |
       Dungeon |   3835 |   3779 |     56 |   1658 |   1436 |   3 | 1278.3 |
               +--------+--------+--------+--------+--------+-----+--------+

Top non-repeatable levels by time:
     D:2: 1656 daAuts
     D:1: 1643 daAuts
     D:3: 535 daAuts
